 Dungeon Crawl Stone Soup version 0.30.1-3-gfc49f6343a (webtiles) character file.

Game seed: 8303704716169678411

1061 jtron the Magician (level 8, -24/54 HPs)
             Began as a Mummy Necromancer on Aug 7, 2023.
             Annihilated by a two-headed ogre
             ... wielding a +0 giant spiked club
              (27 damage)
             ... on level 5 of the Dungeon.
             The game lasted 00:20:39 (5286 turns).

jtron the Magician (Mummy Necromancer)              Turns: 5286, Time: 00:20:39

Health: -24/54     AC:  3    Str: 12    XL:     8   Next: 6%
Magic:  15/18      EV: 12    Int: 16    God:
Gold:   211        SH:  0    Dex: 12    Spells: 12/21 levels left

rFire   x . .        a - staff of death
rCold   + . .        (no shield)
rNeg    + + +        t - +0 robe
rPois   ∞            (no helmet)
rElec   .            l - +0 cloak
rCorr   .            (no gloves)
SInv    .            (no boots)
Will    +....        n - amulet of regeneration
Stlth   ++           b - ring of flight
HPRegen 1.09/turn    (no ring)
MPRegen 0.16/turn

%: faith
@: animating dead, flying
A: cold resistance 1, negative energy resistance 3, torment resistance 2, heat
vulnerability 1, in touch with death 1, no potions, faith
a: no special abilities


You were on level 5 of the Dungeon.
You visited 1 branch of the dungeon, and saw 6 of its levels.

You collected 211 gold pieces.

Inventory:

Hand Weapons
 g - a +0 dagger
 h - a +1 dagger of speed
 i - a +0 short sword
 j - a +0 trident
 m - a +0 whip of venom
Missiles
 c - 56 stones
 p - 7 poisoned darts (quivered)
Armour
 l - a +0 cloak (worn)
 t - a +0 robe (worn)
Magical Staves
 a - a staff of death (weapon)
 d - the staff of conjuration "Osiud" {Str-3 Int+5}
   (You acquired it on level 5 of the Dungeon)

   [staff of conjuration]

   Base accuracy: +5 Base damage: 5 Base attack delay: 1.2 This weapon's minimum
   attack delay (0.6) is reached at skill level 12.
   Str:       It affects your strength (-3).
   Int:       It affects your intelligence (+5).
   It falls into the 'Staves' category.
   It is a one-handed weapon.
Jewellery
 b - a ring of flight (left hand)
 n - an amulet of regeneration (around neck)
 u - an amulet of guardian spirit
 v - an amulet of the acrobat
Scrolls
 e - 4 scrolls of poison
 f - a scroll of magic mapping
 k - a scroll of teleportation
 o - a scroll of fog
 q - a scroll of fear {unknown}
 r - a scroll of amnesia
 s - 2 scrolls of blinking
 w - a scroll of noise {unknown}
 x - a scroll of butterflies {unknown}


   Skills:
 + Level 1.0 Fighting
 - Level 2.0 Short Blades
 + Level 1.5 Maces & Flails
 + Level 0.8 Polearms
 + Level 1.7 Throwing
 + Level 2.1 Dodging
 + Level 1.9 Stealth
 + Level 7.2 Spellcasting
 * Level 0.7 Conjurations
 + Level 6.5 Necromancy


You had 12 spell levels left.
You knew the following spells:

 Your Spells              Type           Power      Damage    Failure   Level
a - Necrotise             Necr           100%       1d9       1%          1
b - Vampiric Draining     Necr           57%        2d10      2%          3
c - Animate Dead          Necr           57%        N/A       9%          4
d - Magic Dart            Conj           32%        1d4       9%          1

Your spell library contained the following spells:

 Spells                   Type           Power      Damage    Failure   Level
 Kiss of Death            Conj/Necr      100%       2d13      2%          1
 Freeze                   Ice            20%        1d4       12%         1
 Call Imp                 Summ           10%        N/A       19%         2
 Poisonous Vapours        Pois/Air       10%        N/A       19%         2
 Agony                    Necr           57%        N/A       22%         5
 Hailstorm                Conj/Ice       6%         3d4       32%         3
 Mephitic Cloud           Conj/Pois/Air  6%         N/A       32%         3
 Frozen Ramparts          Ice            10%        1d2       36%         3
 Gell's Gravitas          Tloc           5%         N/A       36%         3
 Teleport Other           Tloc           5%         N/A       36%         3
 Fulminant Prism          Conj/Hex       3%         3d5       71%         4
 Freezing Cloud           Conj/Ice/Air   3%         6-21      97%         5
 Dispersal                Tloc           2%         N/A       100%        6
 Malign Gateway           Summ/Tloc      2%         N/A       100%        7


Dungeon Overview and Level Annotations

Branches:
Dungeon (6/15)
 Temple: D:4-7

Altars:
Dithmenos
Makhleb

Shops:
D:1 !

Annotations:
D:3 1 runed translucent door, Zeor's ghost, amateur DsGl


Innate Abilities, Weirdness & Mutations

You are immune to poison.
Your flesh is cold resistant. (rC+)
You are immune to negative energy. (rN+++)
You are immune to unholy pain and torment.
You are vulnerable to heat. (rF-)
You are in touch with the powers of death.
You do not drink.
You have a special connection with the divine. (Faith)


Message History

The gnoll closely misses you. The gnoll hits you with a +0 whip.
The gnoll attacks as you move away! The gnoll hits you but does no damage.
Casting: Animate Dead (dangerous; 9% risk of failure)
Confirm with . or Enter, or press ? or * to list all spells.
Aiming: Necrotise (safe; 1% risk of failure)
Press: ? - help, Shift-Dir - straight line, f/p - two-headed ogre
Aim: a two-headed ogre, wielding a +0 giant spiked club and a +0 giant club (lightly wounded, chance to affect: 70%)
You feel a strong surge of power!
The gnoll writhes in agony.
The gnoll hits you with a +0 whip!
The gnoll hits you from afar with a +0 spear.
There is a stone staircase leading up here.
Casting: Necrotise (safe; 1% risk of failure)
Confirm with . or Enter, or press ? or * to list all spells.
Aiming: Necrotise (safe; 1% risk of failure)
Press: ? - help, Shift-Dir - straight line, f/p - two-headed ogre
Aim: a two-headed ogre, wielding a +0 giant spiked club and a +0 giant club (lightly wounded, chance to affect: 70%)
You feel a strong surge of power!
The gnoll writhes in agony.
The gnoll hits you with a +0 whip.
The gnoll hits you from afar with a +0 spear.
Casting: Necrotise (safe; 1% risk of failure)
Confirm with . or Enter, or press ? or * to list all spells.
Aiming: Necrotise (safe; 1% risk of failure)
Press: ? - help, Shift-Dir - straight line, f/p - two-headed ogre
Aim: a two-headed ogre, wielding a +0 giant spiked club and a +0 giant club (chance to affect: 70%)
You feel a strong surge of power!
The two-headed ogre writhes in agony.
The gnoll misses you. The gnoll barely misses you.
The gnoll hits you but does no damage.
The two-headed ogre hits you with a +0 giant spiked club!!!
Ouch! That really hurt!
* * * LOW HITPOINT WARNING * * *
The two-headed ogre misses you.
You fly upwards.
Reactivating autopickup.
There is a stone staircase leading down here.
The gnoll attacks as you move away! The gnoll hits you with a +0 whip.
* * * LOW HITPOINT WARNING * * *
The two-headed ogre hits you with a +0 giant spiked club!!
Ouch! That really hurt!
You die...

.....#...###.<.....###.........#.
........###........##..........#.
.....##.#####......).............
#...<#..##.##................#...
#....##............#.........##.#
..##...............#.............
#....##...##.###.....#...........
.....#..#.##.###...#.......#....#
...###........##@..#.......#...##
##.#...........Og.##....<..##..#.
#...#.........>..#........###...
##!.##...........#.........##..#
##>...#......................#...
.................................
#......#...............##.Z#..Z..
####.###..........##...####.Z....
### ####............# ####...


You could see a two-headed ogre and a gnoll.

Vanquished Creatures
  Eustachio (D:6)
  An ogre (D:5)
  A black bear (D:5)
  A kobold brigand (D:3)
  A bullfrog (D:6)
  2 scorpions
  4 hounds
  An orc priest (D:5)
  A jelly (D:4)
  2 iguanas
  An orc wizard (D:5)
  7 adders
  3 gnolls (D:4)
  A white imp (D:5)
  An ufetubus (D:5)
  A worm (D:4)
  2 dart slugs
  7 orcs
  2 bats
  6 endoplasms
  6 giant cockroaches
  14 hobgoblins
  2 jackals (D:5)
  16 kobolds
  6 quokkas
  8 ball pythons
  2 frilled lizards (D:1)
  15 goblins
  6 rats
121 creatures vanquished.

Vanquished Creatures (collateral kills)
  A worm (D:4)
  An endoplasm (D:2)
  A kobold (D:3)
  A ball python (D:4)
  A frilled lizard (D:1)
  A goblin (D:4)
  A rat (D:3)
7 creatures vanquished.

Grand Total: 128 creatures vanquished

Notes
Turn   | Place    | Note
-------+----------+-------------------------------------------
     0 | D:1      | jtron the Mummy Necromancer began the quest for the Orb.
     0 | D:1      | Reached XP level 1. HP: 13/13 MP: 4/4
   312 | D:1      | Reached XP level 2. HP: 19/19 MP: 2/5
   594 | D:1      | Reached skill level 3 in Spellcasting
   917 | D:1      | Gained mutation: You are in touch with the powers of death.
                  | [Mummy growth]
   917 | D:1      | Reached XP level 3. HP: 12/24 MP: 3/7
  1117 | D:1      | Learned a level 3 spell: Vampiric Draining
  1146 | D:1      | Found Ewah's Distillery.
  1427 | D:2      | Found the +15 Maxwell's patent armour {-Cast -Tele rElec
                  | Will+ rCorr}
  1455 | D:2      | Got Sif Muna's Grimoire of Production and Impulse
  2260 | D:3      | Reached XP level 4. HP: 30/30 MP: 7/9
  2352 | D:3      | Noticed a kobold brigand
  2409 | D:3      | Found a runed translucent door.
  2410 | D:3      | Noticed Zeor's ghost (amateur DsGl)
  2629 | D:3      | Killed a kobold brigand
  2630 | D:3      | Reached skill level 1 in Maces & Flails
  2630 | D:3      | Reached skill level 4 in Spellcasting
  2630 | D:3      | Reached skill level 5 in Necromancy
  2630 | D:3      | Reached XP level 5. HP: 25/35 MP: 0/11
  3256 | D:4      | Found a burning altar of Makhleb.
  3308 | D:4      | Reached skill level 1 in Short Blades
  3308 | D:4      | Reached skill level 1 in Throwing
  3308 | D:4      | Reached XP level 6. HP: 41/41 MP: 5/13
  3365 | D:4      | Found a shadowy altar of Dithmenos.
  3373 | D:4      | Reached skill level 5 in Spellcasting
  3398 | D:4      | Learned a level 4 spell: Animate Dead
  4036 | D:5      | Entered Level 5 of the Dungeon
  4118 | D:5      | Reached XP level 7. HP: 16/46 MP: 3/15
  4351 | D:5      | Reached skill level 6 in Spellcasting
  4873 | D:6      | Noticed Eustachio
  4951 | D:6      | Reached skill level 7 in Spellcasting
  5123 | D:5      | Identified a scroll of acquirement
  5123 | D:5      | Acquired the staff of conjuration "Osiud" {Str-3 Int+5}
  5128 | D:5      | Learned a level 1 spell: Magic Dart
  5150 | D:6      | Killed Eustachio
  5151 | D:6      | Reached skill level 1 in Fighting
  5151 | D:6      | Reached XP level 8. HP: 24/54 MP: 4/18
  5257 | D:6      | Noticed a two-headed ogre
  5283 | D:6      | HP: 2/54 [two-headed ogre/+0 giant spiked club (38)]
  5286 | D:5      | Annihilated by a two-headed ogre

Illustrated notes

Levels and vault maps discovered:
D:1:      dpeg_arrival_lava_temple_mockup, layout_loops_ring, serial_shops, shop
D:2:      layout_loops_corners, basic_altar
D:3:      cheibrodos_thug_alley, layout_rooms, ebering_ghost_inner_flame,
          serial_curves, eino_curves_03, eino_curves_01
D:4:      cheibrodos_greedy_goblins, layout_basic,
          nicolae_dithmenos_shadow_blocks, lemuel_crystal_altar
D:5:      layout_cave_pools
D:6:      layout_basic, fedhas_altar_3, uniq_eustachio

Skill      XL: |  1  2  3  4  5  6  7 |
---------------+----------------------+-----
Spellcasting   | 3 4 5 7 |  7.2
Maces & Flails | 1 |  1.5
Necromancy     | 5 6 |  6.5
Short Blades   | 1 2 |  2.0
Throwing       | 1 |  1.7
Dodging        | 2 |  2.1
Fighting       | 1 |  1.0
Polearms       | |  0.8
Stealth        | |  1.9
Conjurations   | |  0.7

Action                     |  1- 3 |  4- 6 |  7- 9 || total
---------------------------+-------+-------+-------++-------
  Melee: Unarmed           |    10 |       |       ||    10
         Dagger            |    12 |    32 |    35 ||    79
         Short sword       |     2 |       |       ||     2
         Trident           |     7 |       |       ||     7
         Whip              |     6 |    27 |       ||    33
         Staff             |       |       |     4 ||     4
  Throw: Dart              |       |    24 |    24 ||    48
   Cast: Necrotise         |    72 |    97 |    35 ||   204
         Vampiric Draining |       |     4 |     8 ||    12
         Animate Dead      |       |       |     5 ||     5
         Magic Dart        |       |       |     3 ||     3
    Use: Scroll            |       |       |     7 ||     7
   Stab: Sleeping          |     3 |     1 |       ||     4
 Armour: Robe              |    13 |    10 |    13 ||    36
  Dodge: Dodged            |    52 |    50 |    45 ||   147
